 Dungeon Crawl Stone Soup version 0.27.1-35-g4d5d836560 (console) character file.

Game seed: 15908437311896618407

37 grimtooth the Chiller (level 3, 0/19 HPs)
             Began as a Gargoyle Ice Elementalist on Aug 17, 2022.
             Frozen to death by an endoplasm (5 damage)
             ... on level 2 of the Dungeon.
             The game lasted 00:07:28 (2193 turns).

grimtooth the Chiller (Gargoyle Ice Elementalist)   Turns: 2193, Time: 00:07:29

Health: 0/19       AC:  9    Str: 11    XL:     3   Next: 39%
Magic:  7/7        EV: 11    Int: 16    God:
Gold:   78         SH:  0    Dex: 10    Spells: 3/7 levels left

rFire    . . .     SeeInvis .   b - +0 hunting sling
rCold    . . .     Faith    .   (no shield)
rNeg     + . .     Spirit   .   j - +3 leather armour
rPois    ∞         Reflect  .   (no helmet)
rElec    +         Harm     .   (no cloak)
rCorr    .         Rampage  .   (no gloves)
Will     .....                  (no boots)
Stlth    ++........             k - amulet of magic regeneration
HPRegen  0.06/turn              (no ring)
MPRegen  0.35/turn              (no ring)

@: no status effects
A: sickness immunity, AC +3, negative energy resistance 1, electricity
resistance, torment resistance 1, petrification resistance
a: no special abilities


You were on level 2 of the Dungeon.
You visited 1 branch of the dungeon, and saw 2 of its levels.

You collected 78 gold pieces.

Inventory:

Hand Weapons
 b - a +0 hunting sling (weapon)
Missiles
 c - 20 stones (quivered ammo)
Armour
 a - a +0 robe
 j - a +3 leather armour (worn)
Jewellery
 k - an amulet of magic regeneration (around neck)
Wands
 h - a wand of flame (9)
Scrolls
 g - a scroll of fog {unknown}
 i - a scroll of amnesia {unknown}
Potions
 d - a potion of might {unknown}
 e - a potion of heal wounds {unknown}
 f - a potion of attraction {unknown}


   Skills:
 - Level 1.5 Dodging
 - Level 2.1 Stealth
 + Level 2.8 Spellcasting
 + Level 4.5 Ice Magic


You had 3 spell levels left.
You knew the following spells:

 Your Spells              Type           Power      Damage    Failure   Level
a - Freeze                Ice            64%        1d8       3%          1
b - Ozocubu's Armour      Ice            16%        N/A       12%         3

Your spell library contained the following spells:

 Spells                   Type           Power      Damage    Failure   Level
 Frozen Ramparts          Ice            32%        1d5       12%         3
 Blink                    Tloc           N/A        N/A       36%         2
 Lesser Beckoning         Tloc           1%         N/A       58%         3
 Hailstorm                Conj/Ice       9%         3d4       67%         4
 Passage of Golubria      Tloc           N/A        N/A       94%         4
 Petrify                  Tmut/Erth      2%         N/A       94%         4
 Irradiate                Conj/Tmut      1%         3d14      100%        5
 Manifold Assault         Tloc           2%         N/A       100%        5
 Silence                  Hex/Air        1%         N/A       100%        5
 Lehudib's Crystal Spear  Conj/Erth      1%         10d2      100%        8
 Sublimation of Blood     Necr           Unusable   N/A       N/A         2

Dungeon Overview and Level Annotations

Branches:
Dungeon (2/15)

Altars:


Innate Abilities, Weirdness & Mutations

You are immune to sickness and miasma.
Your stone body is resilient. (AC +3)
You are immune to poison.
You resist negative energy. (rN+)
You are resistant to electric shocks. (rElec)
You are resistant to unholy torment.
You are immune to petrification.


Message History

The worm barely misses you.
Casting: Freeze (safe; 3% risk of failure)
Confirm with . or Enter, or press ? or * to list all spells.
Aiming: Freeze (safe; 3% risk of failure)
Press: ? - help, Shift-Dir - straight line, f/p - worm
Aim: a worm (moderately wounded)
You freeze the worm!
The worm is severely wounded.
The endoplasm hits you but does no damage.
Casting: Freeze (safe; 3% risk of failure)
Confirm with . or Enter, or press ? or * to list all spells.
Aiming: Freeze (safe; 3% risk of failure)
Press: ? - help, Shift-Dir - straight line, f/p - worm
Aim: a worm (severely wounded)
You freeze the worm.
The worm is almost dead.
The endoplasm hits you but does no damage.
The worm misses you.
Your icy armour will break if you move.
Continue? [Y]es or [N]o only, please.
Your icy armour will break if you move.
Continue?
Your icy armour cracks and falls away as you move.
The endoplasm freezes you.
You are frozen.
The worm barely misses you.
You see here 9 gold pieces.
The endoplasm barely misses you. The worm bites you!
* * * LOW HITPOINT WARNING * * *
Your magical contamination has completely faded away.
There is an open door here.
The endoplasm barely misses you.
Press: ? - help, v - describe, . - travel
Here: an endoplasm The floor.
Enter note: - man was that a dumb one You see here a rat corpse.
There is an open door here.
You see here a +0 flail.
The endoplasm freezes you.
You are frozen.
You die...

♣.♣.♣.♣.♣.♣.+....................
###.........####...###########...
##.......## ##..## #..> ##.....##
##...# #... ##...## #....# #.##
##'## #....# #.## #.# #.#### #...
#.# #)# #.## #######†#### #.#
#.## ...........# #J# #...
...........# #@# ####
...#.#.....#####.#
...#.#...........#
##.#.##.#..####### #.........#
##.#.##.#.## ..........#
#######.### #.# ########
#.#######..^...# ##########
#.........####.# #.........


You could see an endoplasm.

Vanquished Creatures
  An adder (D:2)
  A ball python (D:2)
  2 bats (D:1)
  5 endoplasms
  A giant cockroach (D:2)
  2 goblins
  3 hobgoblins
  A kobold (D:1)
  A quokka (D:2)
  5 frilled lizards
  5 rats
27 creatures vanquished.

Vanquished Creatures (others)
  2 plants (D:2)
2 creatures vanquished.

Grand Total: 29 creatures vanquished

Notes
Turn   | Place    | Note
-------+----------+-------------------------------------------
     0 | D:1      | grimtooth the Gargoyle Ice Elementalist began the quest for
                  | the Orb.
     0 | D:1      | Reached XP level 1. HP: 10/10 MP: 3/3
   609 | D:1      | Reached XP level 2. HP: 15/15 MP: 3/5
   802 | D:1      | Found a faded altar of an unknown god.
  1703 | D:2      | Reached XP level 3. HP: 19/19 MP: 4/6
  1707 | D:2      | Learned a level 3 spell: Ozocubu's Armour
  2151 | D:2      | - man was that a dumb one
  2193 | D:2      | Frozen to death by an endoplasm

Illustrated notes

######.# #.###########
#####.#.........#
##...........###########
.........###.###.....w.#
...##.....##..>#..#.##'#
######♣♣♣♣######.####..#
♣...♣♣# #..#.#w##
♣♣P.♣.♣ #.##....#
♣♣....P♣## #J#$...##
♣.♣..♣...# #@#!$#..#
♣♣.♣P♣P♣.###.#######
##♣♣PP♣♣#..........#
##..♣♣♣♣.###........#
###.........##.#...#..#
............'†........#
##..........##.#...#..#
#.#.......###........#
#.##.....## #.###.#.##
#.###...## #.......#
##.# ##'## #####.###


Turn 2151 on D:2: - man was that a dumb one

Levels and vault maps discovered:
D:1:      minmay_arrival_cross, layout_loops_corners, basic_ecumenical_altar
D:2:      minmay_wonky_spiral, layout_loops_corners, serial_forest,
          infiniplex_forest_lined_corner, infiniplex_forest_clump_curved,
          infiniplex_forest_end_2, infiniplex_forest_clump_long,
          infiniplex_forest_straight_3, infiniplex_forest_lined_3,
          infiniplex_forest_end_1, infiniplex_forest_end_1

Action                   || total
-------------------------++-------
 Fire: Hunting sling     ||    33
 Cast: Freeze            ||    35
       Ozocubu's Armour  ||     1
Armor: Robe              ||    11
       Leather armour    ||     5
Dodge: Dodged            ||    26
